 Dungeon Crawl Stone Soup version 0.31-a0-185-g9dded2c639 (webtiles) character file.

Game seed: 11264748216598754921

87 qw the Shooter (level 4, 0/25 HPs)
             Began as a Deep Elf Hunter on June 22, 2023.
             Slain by an orc
             ... wielding a +0 short sword
              (3 damage)
             ... on level 3 of the Dungeon.
             The game lasted 00:00:32 (1905 turns).

qw the Shooter (Deep Elf Hunter)                    Turns: 1905, Time: 00:00:33

Health: 0/25       AC:  6    Str: 10    XL:     4   Next: 28%
Magic:  6/6        EV:  9    Int: 14    God:
Gold:   95         SH:  0    Dex: 18    Spells: 3/3 levels left

rFire   . . .        Y - +0 shortbow
rCold   . . .        (shield currently unavailable)
rNeg    . . .        b - +0 scale mail
rPois   .            (no helmet)
rElec   .            (no cloak)
rCorr   .            (no gloves)
SInv    .            (no boots)
Will    .....        (no amulet)
Stlth   +            (no ring)
HPRegen 0.24/turn    (no ring)
MPRegen 0.10/turn

%: no passive effects
@: about to teleport
A: no striking features
a: no special abilities


You were on level 3 of the Dungeon.
You visited 1 branch of the dungeon, and saw 3 of its levels.

You collected 95 gold pieces.


   Skills:
 - Level 1.5 Fighting
 + Level 7.7 Ranged Weapons
 - Level 2.4 Dodging
 - Level 1.2 Stealth


You had 3 spell levels left.
You didn't know any spells.
Your spell library was empty.

Inventory:

Hand Weapons
 Y - a +0 shortbow (weapon)
Armour
 b - a +0 scale mail (worn)
Scrolls
 h - 4 scrolls of teleportation
 i - a scroll of identify
Potions
 a - a potion of curing {unknown}
 d - a potion of attraction {unknown}
 e - a potion of mutation {unknown}
 f - a potion of lignification {unknown}

Dungeon Overview and Level Annotations

Branches:
Dungeon (3/15)

Altars:


Message History

The orc hits you with a +0 club. The orc closely misses you.
You shoot an arrow. The arrow hits the orc!
You kill the orc!
The orc hits you but does no damage. The orc closely misses you.
The adder bites you but does no damage. The orc completely misses you.
The orc hits you with a +0 club.
You shoot an arrow. The arrow hits the orc!
You kill the orc!
The adder bites you but does no damage. The orc hits you but does no damage.
You shoot an arrow. The arrow hits the adder!
The adder is almost dead.
The adder bites you but does no damage. The orc closely misses you.
The adder bites you.
You are poisoned.
The adder poisons you!
You shoot an arrow. The arrow hits the adder.
You kill the adder!
You feel sick. The orc hits you with a +0 short sword.
The orc hits you but does no damage.
You shoot an arrow. The arrow barely misses the orc.
You feel sick. The orc completely misses you.
You shoot an arrow.
The arrow hits the orc but does no damage.
You feel sick. The orc barely misses you.
You shoot an arrow. The arrow barely misses the orc.
You feel sick. The orc barely misses you.
You shoot an arrow. The arrow closely misses the orc.
You feel sick.
You are no longer poisoned.
The orc hits you with a +0 short sword. The orc hits you but does no damage.
1903 ||| READING 5 scrolls of teleportation.
As you read the scroll of teleportation, it crumbles to dust.
You feel strangely unstable. The orc barely misses you.
You shoot an arrow. The arrow closely misses the orc.
The orc hits you with a +0 short sword.
You shoot an arrow. The arrow hits the orc.
The orc is heavily wounded.
The orc hits you with a +0 short sword.
You die...

#################
#...............#
#.#############.#
#.# #.# #@# #.#
......o))...# #.#
..#..........#
#.# #.###.###..#
##.## .. #.# .#
##...# .. ..# #
##.###. . ###
#.## ## #.# #
#.## ##


You could see an orc.

Vanquished Creatures
  3 adders
  2 worms (D:2)
  3 orcs (D:3)
  4 endoplasms
  3 giant cockroaches
  4 goblins
  3 hobgoblins (D:2)
  4 jackals (D:1)
  5 kobolds
  8 quokkas
  2 ball pythons (D:1)
  3 bats
  A rat (D:3)
45 creatures vanquished.

Notes
Turn   | Place    | Note
-------+----------+-------------------------------------------
     0 | D:1      | qw the Deep Elf Hunter began the quest for the Orb.
     0 | D:1      | Reached XP level 1. HP: 12/12 MP: 3/3
     0 | D:1      | 0 ||| qw: Version: 0.3-a-9-g12657ce
     0 | D:1      | 0 ||| qw: Game counter: 1801
     0 | D:1      | 0 ||| qw: Always use a shield: true
     0 | D:1      | 0 ||| qw: God list: Okawaru
     0 | D:1      | 0 ||| qw: Allow faded altars: false
     0 | D:1      | 0 ||| qw: Do Orc after D:15 true
     0 | D:1      | 0 ||| qw: Do second Lair branch before Depths: true
     0 | D:1      | 0 ||| qw: Lair rune preference: random
     0 | D:1      | 0 ||| qw: Plans: Normal
     0 | D:1      | 0 ||| PLANNING D:1-11
    65 | D:1      | Reached XP level 2. HP: 16/16 MP: 4/4
    67 | D:1      | Reached skill level 6 in Ranged Weapons
   721 | D:1      | 721 ||| READING scroll labelled JAMOPA QORAKO.
   722 | D:1      | 722 ||| READING scroll labelled SOXEG XAKHI.
   723 | D:1      | 723 ||| READING scroll labelled XEALYINOOM.
   724 | D:1      | 724 ||| READING 5 scrolls labelled RUATE HOYTHADI.
   727 | D:1      | 727 ||| READING 2 scrolls labelled YFYUNI SADUA.
   728 | D:1      | 728 ||| READING scroll labelled SIVENT TESK.
   729 | D:1      | 729 ||| DRINKING 2 green potions.
   730 | D:1      | 730 ||| DROPPING scroll of butterflies.
   731 | D:1      | 731 ||| DROPPING potion of brilliance.
  1056 | D:2      | Reached XP level 3. HP: 20/20 MP: 5/5
  1208 | D:2      | HP: 5/20 [poisoned by an adder]
  1349 | D:2      | Reached skill level 7 in Ranged Weapons
  1697 | D:2      | 1697 ||| UPGRADING to +0 scale mail.
  1707 | D:2      | 1707 ||| DROPPING +0 leather armour.
  1760 | D:3      | 1760 ||| STAIRDANCE
  1768 | D:2      | Reached XP level 4. HP: 14/25 MP: 6/6
  1902 | D:3      | HP: 6/25 [poisoned by an adder]
  1903 | D:3      | 1903 ||| READING 5 scrolls of teleportation.
  1905 | D:3      | Slain by an orc

Levels and vault maps discovered:
D:1:      nicolae_arrival_memento_mori, layout_basic, minmay_misc_feat_roman,
          minivault_11, minivault_4
D:2:      layout_loops_corners, minmay_fractal_squares_gapless_5
D:3:      layout_loops_ring, ebering_ecumenical_altar_rust,
          hangedman_abyss_or_decor_lesser_grid, st_stairs_13,
          nicolae_elevator_lobby_plus

Skill      XL: |  1  2  3 |
---------------+----------+-----
Ranged Weapons | 6 7 |  7.7
Fighting       | |  1.5
Dodging        | |  2.4
Stealth        | |  1.2

Action                     |  1- 3 |  4- 6 || total
---------------------------+-------+-------++-------
   Fire: Shortbow          |    96 |    24 ||   120
    Use: Scroll            |     6 |     1 ||     7
         Potion            |     1 |       ||     1
 Armour: Leather armour    |     5 |       ||     5
         Scale mail        |    10 |    10 ||    20
  Dodge: Dodged            |    29 |    10 ||    39

Table legend:
 A = Non-vault XP
 B = Vault XP
 C = Vault XP percentage of total XP
 D = Non-vault monster count
 E = Vault monster count
 F = Vault count percentage of total count
                 A         B        C        D         E       F
            +---------+---------+-------+---------+---------+-------
      Total |     118 |       7 |   5.6 |      41 |       4 |   8.9
            +---------+---------+-------+---------+---------+-------
        D:1 |      24 |       0 |   0.0 |      14 |       0 |   0.0
        D:2 |      71 |       7 |   9.0 |      22 |       4 |  15.4
        D:3 |      23 |       0 |   0.0 |       5 |       0 |   0.0
            +---------+---------+-------+---------+---------+-------
